 Dungeon Crawl Stone Soup version 0.28-a0-991-g956f0ee3d5 (webtiles) character file.

Game seed: 7225731555154395552

77 ders the Digger (level 4, -5/24 HPs)
             Began as a Gargoyle Earth Elementalist on Dec 4, 2021.
             Killed by divine providence
             ... invoked by an orc priest
              (13 damage)
             ... on level 3 of the Dungeon.
             The game lasted 00:03:03 (2442 turns).

ders the Digger (Gargoyle Earth Elementalist)       Turns: 2442, Time: 00:03:04

Health: -5/24      AC:  5    Str: 12    XL:     4   Next: 33%
Magic:  4/17       EV: 11    Int: 17    God:
Gold:   73         SH:  0    Dex: 10    Spells: 4/8 levels left

rFire   . . .      SeeInvis .   k - staff of conjuration
rCold   . . .      Faith    .   (no shield)
rNeg    + . .      Spirit   .   b - +0 robe
rPois   ∞          Reflect  .   (no helmet)
rElec   +          Harm     .   (no cloak)
rCorr   .          Rampage  .   (no gloves)
Will    .....                   (no boots)
Stlth   ++........              (no amulet)
HPRegen 0.08/turn               a - ring of magical power
MPRegen 0.15/turn               (no ring)

@: no status effects
A: sickness immunity, AC +3, negative energy resistance 1, electricity
resistance, torment resistance 1, petrification resistance
a: no special abilities


You were on level 3 of the Dungeon.
You visited 1 branch of the dungeon, and saw 3 of its levels.

You collected 73 gold pieces.

Inventory:

Hand Weapons
 e - a +4 short sword
Armour
 b - a +0 robe (worn)
Magical Staves
 k - a staff of conjuration (weapon)
Jewellery
 a - a ring of magical power (left hand)
Scrolls
 d - a scroll of identify {unknown}
 g - a scroll of fog {unknown}
 i - a scroll of enchant armour {unknown}
 j - a scroll of enchant weapon {unknown}
Potions
 c - a potion of flight {unknown}
 f - 2 potions of might {unknown}
 h - 2 potions of magic {unknown}


   Skills:
 - Level 1.5 Dodging
 - Level 2.1 Stealth
 + Level 2.8 Spellcasting
 + Level 2.2 Conjurations
 - Level 0.7 Transmutations
 + Level 4.6 Earth Magic


You had 4 spell levels left.
You knew the following spells:

 Your Spells              Type           Power      Damage    Failure   Level
a - Sandblast             Erth           36%        2d10      2%          1
b - Stone Arrow           Conj/Erth      42%        3d9       13%         3

Your spell library contained the following spells:

 Spells                   Type           Power      Damage    Failure   Level
 Passwall                 Tmut/Erth      9%         N/A       9%          2
 Petrify                  Tmut/Erth      11%        N/A       52%         4


Dungeon Overview and Level Annotations

Branches:
Dungeon (3/15)

Altars:


Innate Abilities, Weirdness & Mutations

You are immune to sickness and miasma.
Your stone body is resilient. (AC +3)
You are immune to poison.
You resist negative energy. (rN+)
You are resistant to electric shocks. (rElec)
You are resistant to unholy torment.
You are immune to petrification.


Message History

You kill the ball python!
The orc throws a boomerang.
The boomerang hits you.
Unknown command.
Casting: Stone Arrow (quite dangerous; 13% risk of failure)
Confirm with . or Enter, or press ? or * to list all spells.
Aiming: Stone Arrow (quite dangerous; 13% risk of failure)
Press: ? - help, Shift-Dir - straight line, f - orc priest
Aim: an orc priest, wielding a +0 dagger and wearing a +0 ring mail (75% to hit)
You feel a surge of power!
The stone arrow hits the orc priest!
The orc priest is severely wounded.
Unknown command.
Casting: Stone Arrow (quite dangerous; 13% risk of failure)
Confirm with . or Enter, or press ? or * to list all spells.
You don't have enough magic to cast this spell.
Casting: Stone Arrow (quite dangerous; 13% risk of failure)
Confirm with . or Enter, or press ? or * to list all spells.
You don't have any stones to cast with.
The orc priest mumbles some strange prayers to Beogh against you.
Pain shoots through your body!
Things that are here:
a +1 hand axe of flaming; a +0 ring mail; an orc corpse You barely miss the orc priest.
The orc priest is severely wounded.
The orc priest closely misses you.
You closely miss the orc priest.
The orc priest is severely wounded.
The orc priest hits you with a +0 dagger.
The orc barely misses you.
You barely miss the orc priest.
The orc priest is severely wounded.
The orc priest closely misses you. The orc hits you with a +0 club.
The orc priest mumbles some strange prayers to Beogh against you.
Beogh smites you! The orc hits you with a +0 club.
The orc priest begins to cast a cantrip, but forgets the words!
There is an open door here.
The orc throws a boomerang.
The boomerang barely misses you.
The orc priest invokes the aid of Beogh against you.
Beogh smites you!
Ouch! That really hurt!
You die...

#.....## #......#
#......# #...[..#
##'####### #.# #.## # #.#
#..# .#
#####.#####..###.#
..####.....@...oo.....##.
.......<...#####.........
.########### ##......##
#..)...## #..)...#
#.....†# #........
#........# ##+#<....#


You could see an orc priest and an orc.

Vanquished Creatures
  3 adders (D:2)
  2 dart slugs
  2 orcs (D:3)
  3 ball pythons
  4 bats
  2 endoplasms
  2 goblins
  5 hobgoblins
  6 jackals
  6 kobolds
  A quokka (D:1)
  3 frilled lizards (D:1)
  3 rats (D:1)
42 creatures vanquished.

Notes
Turn   | Place    | Note
-------+----------+-------------------------------------------
     0 | D:1      | ders the Gargoyle Earth Elementalist began the quest for
                  | the Orb.
     0 | D:1      | Reached XP level 1. HP: 10/10 MP: 3/3
   121 | D:1      | Reached XP level 2. HP: 12/15 MP: 5/5
   126 | D:1      | Reached skill level 4 in Earth Magic
   129 | D:1      | Reached skill level 1 in Conjurations
   693 | D:1      | Reached XP level 3. HP: 17/19 MP: 6/6
   906 | D:2      | Found a faded altar of an unknown god.
  1599 | D:2      | Learned a level 3 spell: Stone Arrow
  1711 | D:2      | Reached XP level 4. HP: 17/24 MP: 1/8
  2442 | D:3      | Killed from afar by an orc priest

Illustrated notes

Levels and vault maps discovered:
D:1:      minmay_arrival_semitransparent, layout_basic
D:2:      layout_loops_ring, chequers_ecumenical_altar_island
D:3:      layout_basic, chequers_temple_overflow_minitemple

Skill      XL: |  1  2  3 |
---------------+----------+-----
Earth Magic    | 4 |  4.6
Conjurations   | 1 2 |  2.2
Dodging        | |  1.5
Stealth        | |  2.1
Spellcasting   | |  2.8
Transmutations | |  0.7

Action                   |  1- 3 |  4- 6 || total
-------------------------+-------+-------++-------
Melee: Unarmed           |     1 |       ||     1
       Short sword       |    48 |     4 ||    52
       Staff             |       |     3 ||     3
 Cast: Sandblast         |    34 |       ||    34
       Stone Arrow       |     5 |    12 ||    17
Armor: Robe              |    14 |     2 ||    16
Dodge: Dodged            |    56 |     6 ||    62

Table legend: (Time is in decaauts)
 A = Elapsed time spent in this place.
 B = Non-inter-level travel time spent in this place.
 C = Inter-level travel time spent in this place.
 D = Time resting spent in this place.
 E = Time spent auto-exploring this place.
 F = Levels seen in this place.
 G = Mean time per level.
                   A        B        C        D        E       F      G
               +--------+--------+--------+--------+--------+-----+--------+
         Total |   2460 |   2452 |      8 |    514 |   1596 |   3 |  820.0 |
       Dungeon |   2460 |   2452 |      8 |    514 |   1596 |   3 |  820.0 |
               +--------+--------+--------+--------+--------+-----+--------+

Top non-repeatable levels by time:
     D:2: 1505 daAuts
     D:1: 905 daAuts
     D:3: 49 daAuts
